 Dungeon Crawl Stone Soup version 0.31-a0-152-g6aa68a64a1 (webtiles) character file.

Game seed: 12114425560464122579

326 qw the Shooter (level 6, -2/52 HPs)
             Began as a Minotaur Hunter on June 9, 2023.
             Slain by a gnoll
             ... wielding a +0 halberd
              (5 damage)
             ... on level 6 of the Dungeon.
             The game lasted 00:00:30 (1808 turns).

qw the Shooter (Minotaur Hunter)                    Turns: 1808, Time: 00:00:31

Health: -2/52      AC:  5    Str: 16    XL:     6   Next: 24%
Magic:  0/5        EV: 11    Int:  6    God:
Gold:   147        SH:  0    Dex: 15    Spells: 5/5 levels left

rFire   . . .        Y - +1 shortbow
rCold   . . .        (shield currently unavailable)
rNeg    + . .        d - +0 ring mail
rPois   .            (helmet restricted)
rElec   .            (no cloak)
rCorr   .            (no gloves)
SInv    .            (no boots)
Will    .....        g - amulet of guardian spirit
Stlth   +            b - ring of positive energy
HPRegen 0.28/turn    (no ring)
MPRegen 0.09/turn

%: guardian spirit
@: no status effects
A: horns 2, retaliatory headbutt
a: no special abilities


You were on level 6 of the Dungeon.
You visited 1 branch of the dungeon, and saw 4 of its levels.

You collected 147 gold pieces.


Innate Abilities, Weirdness & Mutations

You have a pair of horns on your head.
You reflexively headbutt those who attack you in melee.


   Skills:
 - Level 4.0 Fighting
 + Level 7.3 Ranged Weapons
 - Level 2.5 Armour
 - Level 2.1 Dodging
 - Level 0.7 Stealth


You had 5 spell levels left.
You didn't know any spells.
Your spell library was empty.

Inventory:

Hand Weapons
 Y - a +1 shortbow (weapon)
Armour
 d - a +0 ring mail (worn)
Jewellery
 b - a ring of positive energy (left hand)
 g - an amulet of guardian spirit (around neck)
Scrolls
 a - a scroll of identify
Potions
 c - a potion of curing
 e - a potion of might {unknown}
 i - a potion of magic {unknown}

Dungeon Overview and Level Annotations

Branches:
Dungeon (3/15)

Altars:


Message History

You shoot an arrow. The arrow barely misses the gnoll.
A gnoll comes into view. It is wielding a +0 halberd.
A shadow imp comes into view.
The gnoll hits you with a +0 flail!
You shoot an arrow. The arrow hits the gnoll.
You kill the gnoll!
You shoot an arrow. The arrow hits the gnoll.
The gnoll is moderately wounded.
The gnoll closely misses you. You furiously retaliate!
You headbutt the gnoll. You shoot an arrow.
The arrow hits the gnoll but does no damage.
The gnoll is heavily wounded.
The gnoll hits you with a +0 flail. The gnoll closely misses you.
The gnoll hits you from afar with a +0 halberd!
You shoot an arrow. The arrow hits the gnoll!
You kill the gnoll!
The gnoll hits you from afar with a +0 halberd!
1801 ||| Stepping ~*~*~tactically~*~*~ (outnumbered).
You start resting.
There are monsters nearby!
You shoot an arrow. The arrow hits the shadow imp!
The shadow imp is almost dead.
The shadow imp hits you.
The gnoll hits you from afar with a +0 halberd.
You shoot an arrow.
The arrow closely misses the shadow imp.
The gnoll hits you from afar with a +0 halberd.
The shadow imp gestures at you. Pain shoots through your body!
You shoot an arrow. The arrow hits the shadow imp.
You kill the shadow imp!
The gnoll hits you from afar with a +0 halberd!
You shoot an arrow. The arrow closely misses the gnoll.
The gnoll hits you from afar with a +0 halberd.
You shoot an arrow. The arrow hits the gnoll.
The gnoll is heavily wounded.
The gnoll hits you from afar with a +0 halberd.
You shoot an arrow. The arrow closely misses the gnoll.
The gnoll hits you from afar with a +0 halberd.
You die...

. #### ..##...
....... .
...5.## . #g)g#
.#
########.###.##
#......@......#
#.............#
#.............#
#.............#
#.............#
#.............#
#.............#
#.............#
#.............#


You could see a gnoll.

Vanquished Creatures
  Sigmund (D:2)
  Natasha (thrice) (D:2)
  2 gnolls (D:6)
  2 adders (D:2)
  A shadow imp (D:6)
  An ufetubus (D:2)
  A worm (D:3)
  A dart slug (D:3)
  4 endoplasms
  A giant cockroach (D:2)
  A goblin (D:2)
  3 hobgoblins
  2 kobolds
  4 quokkas
  4 ball pythons
  2 bats
  2 frilled lizards
  4 rats
39 creatures vanquished.

Notes
Turn   | Place    | Note
-------+----------+-------------------------------------------
     0 | D:1      | qw the Minotaur Hunter began the quest for the Orb.
     0 | D:1      | Reached XP level 1. HP: 18/18 MP: 0/0
     0 | D:1      | 0 ||| qw: Version: 0.2-a-122-gbc61b45
     0 | D:1      | 0 ||| qw: Game counter: 3269
     0 | D:1      | 0 ||| qw: Always use a shield: true
     0 | D:1      | 0 ||| qw: God list: Okawaru
     0 | D:1      | 0 ||| qw: Allow faded altars: false
     0 | D:1      | 0 ||| qw: Do Orc after D:15 true
     0 | D:1      | 0 ||| qw: Do second Lair branch before Depths: true
     0 | D:1      | 0 ||| qw: Lair rune preference: random
     0 | D:1      | 0 ||| qw: Plans: Normal
     0 | D:1      | 0 ||| PLANNING D:1-11
   271 | D:1      | Reached XP level 2. HP: 16/25 MP: 1/1
   352 | D:1      | Reached skill level 5 in Ranged Weapons
   719 | D:1      | 719 ||| UPGRADING to +0 ring mail.
   729 | D:1      | 729 ||| DROPPING +0 leather armour.
   730 | D:1      | 730 ||| UPGRADING to amulet of guardian spirit.
   735 | D:1      | 735 ||| READING scroll labelled PEPYOTOATUE.
   736 | D:1      | 736 ||| READING scroll labelled KISOUC SAQAATI.
   739 | D:1      | 739 ||| DROPPING scroll of butterflies.
   783 | D:2      | Noticed Natasha
   793 | D:2      | HP: 6/25 [Natasha (7)]
   794 | D:2      | Killed Natasha
   795 | D:2      | Reached XP level 3. HP: 8/30 MP: 0/2
   813 | D:2      | Noticed Natasha
   816 | D:2      | HP: 4/30 [Natasha/magic dart (7)]
   818 | D:2      | Killed Natasha
   819 | D:2      | Reached skill level 3 in Fighting
  1004 | D:2      | Reached XP level 4. HP: 38/38 MP: 3/3
  1208 | D:2      | Noticed Sigmund
  1220 | D:2      | Killed Sigmund
  1221 | D:2      | Reached skill level 7 in Ranged Weapons
  1221 | D:2      | Reached XP level 5. HP: 30/45 MP: 2/4
  1231 | D:2      | Noticed Natasha
  1237 | D:2      | Killed Natasha
  1238 | D:2      | Reached XP level 6. HP: 26/52 MP: 5/5
  1691 | D:2      | 1691 ||| UPGRADING to ring of positive energy.
  1692 | D:2      | 1692 ||| READING 2 scrolls labelled HATEEMO QEBB.
  1776 | D:3      | You fall into a shaft and drop 3 floors!
  1801 | D:6      | 1801 ||| Stepping ~*~*~tactically~*~*~ (outnumbered).
  1805 | D:6      | HP: 8/52 [gnoll/+0 halberd (10)]
  1807 | D:6      | HP: 3/52 [gnoll/+0 halberd (5)]
  1808 | D:6      | Slain by a gnoll

Levels and vault maps discovered:
D:1:      psy_arrival_whirlpool, layout_basic, corexii_leaking_fountain
D:2:      layout_loops_ring, uniq_natasha, uniq_sigmund
D:3:      layout_rooms, minmay_joined_circles
D:6:      layout_basic, mainiacjoe_overflow_surrounded_room,
          minmay_temple_entry_wispy, uniq_maggie

Skill      XL: |  1  2  3  4  5  6 |
---------------+-------------------+-----
Ranged Weapons | 5 7 |  7.3
Armour         | 2 |  2.5
Fighting       | 3 4 |  4.0
Dodging        | |  2.1
Stealth        | |  0.7

Action                     |  1- 3 |  4- 6 || total
---------------------------+-------+-------++-------
   Fire: Shortbow          |    52 |    63 ||   115
    Use: Scroll            |     2 |     1 ||     3
 Armour: Ring mail         |     5 |     1 ||     6
  Dodge: Dodged            |    19 |     8 ||    27

Table legend:
 A = Non-vault XP
 B = Vault XP
 C = Vault XP percentage of total XP
 D = Non-vault monster count
 E = Vault monster count
 F = Vault count percentage of total count
                 A         B        C        D         E       F
            +---------+---------+-------+---------+---------+-------
      Total |     199 |     267 |  57.3 |      37 |       2 |   5.1
            +---------+---------+-------+---------+---------+-------
        D:1 |      17 |       0 |   0.0 |      12 |       0 |   0.0
        D:2 |     128 |     267 |  67.6 |      18 |       2 |  10.0
        D:3 |      13 |       0 |   0.0 |       4 |       0 |   0.0
        D:6 |      41 |       0 |   0.0 |       3 |       0 |   0.0
            +---------+---------+-------+---------+---------+-------
